 Dungeon Crawl Stone Soup version 0.30-a0-760-g5a9884bb7c (webtiles) character file.

Game seed: 6122881198389454799

38887 Conn the Thaumaturge (level 14, -4/81 HPs)
             Began as an Octopode Fire Elementalist on Feb 10, 2023.
             Was a High Priest of Sif Muna.
             Engulfed by a cloud of flame (22 damage)
             ... on level 5 of the Lair of Beasts.
             The game lasted 01:05:15 (21118 turns).

Conn the Thaumaturge (Octopode Fire Elementalist)  Turns: 21118, Time: 01:05:16

Health: -4/81      AC:  3    Str: 11    XL:     14   Next: 4%
Magic:  28/32      EV: 13    Int: 34    God:    Sif Muna [*****.]
Gold:   1331       SH: 17    Dex: 13    Spells: 13/41 levels left

rFire   . . .      SeeInvis .    k - staff of fire
rCold   + . .      Faith    .    F - +3 kite shield of Limitation {rF- Regen+ Str+4}
rNeg    . . .      Spirit   .    O - +2 hat
rPois   +          Reflect  +    f - amulet of Unolag {Reflect Will+ SH+5}
rElec   .          Harm     .    n - ring of wizardry
rCorr   +          Rampage  .    y - ring of protection from cold
Will    ++...                    z - ring of resist corrosion
Stlth   ++++                     D - +6 ring of intelligence
HPRegen 1.13/turn                S - ring of poison resistance
MPRegen 0.23/turn                p - +6 ring of intelligence
                                 (no ring)
                                 (no ring)

@: studying Earth Magic
A: almost no armour, amphibious, 8 rings, camouflage 1, gelatinous body 1,
(nimble swimmer 1), tentacles
a: Renounce Religion, Channel Magic, Forget Spell, Divine Exegesis


You were on level 5 of the Lair of Beasts.
You worshipped Sif Muna.
Sif Muna was extremely pleased with you.
You visited 3 branches of the dungeon, and saw 17 of its levels.

You collected 1331 gold pieces.

Inventory:

Hand Weapons
 u - the +5 whip of Accord {freeze, rElec rPois rF+}
   (You took it off an orc priest on level 5 of the Dungeon)

   rF:        It protects you from fire.
   rElec:     It insulates you from electricity.
   rPois:     It protects you from poison.
 Z - the +3 dagger of Valiance {freeze, rElec rPois Str-4 SInv}
   (You found it on level 5 of the Lair of Beasts)

   Str:       It affects your strength (-4).
   rElec:     It insulates you from electricity.
   rPois:     It protects you from poison.
   SInv:      It lets you see invisible.
Missiles
 B - 2 throwing nets
 C - 5 curare-tipped darts
Armour
 F - the +3 kite shield of Limitation (worn) {rF- Regen+ Str+4}
   (You took it off a gnoll sergeant on level 5 of the Dungeon)

   Str:       It affects your strength (+4).
   rF:        It makes you vulnerable to fire.
   Regen:     It increases your rate of health regeneration.
 O - a +2 hat (worn)
Magical Staves
 k - a staff of fire (weapon)
 T - a staff of air
Jewellery
 f - the amulet of Unolag (around mantle) {Reflect Will+ SH+5}
   (You acquired it on level 6 of the Dungeon)

   [amulet of reflection]

   It reflects blocked missile attacks.
   SH:        It affects your SH (+5).
   Will:      It increases your willpower.
 n - a ring of wizardry (left tentacle)
 p - a +6 ring of intelligence (on tentacle)
 s - a ring of ice
 y - a ring of protection from cold (right tentacle)
 z - a ring of resist corrosion (on tentacle)
 D - a +6 ring of intelligence (on tentacle)
 L - an amulet of reflection
 S - a ring of poison resistance (on tentacle)
Wands
 j - a wand of roots (34)
 q - a wand of charming (13)
 M - a wand of digging (9)
 R - a wand of quicksilver (3)
 W - a wand of mindburst (9)
Scrolls
 e - 12 scrolls of teleportation
 h - a scroll of fear {unknown}
 l - a scroll of torment {unknown}
 m - 2 scrolls of fog
 r - 5 scrolls of immolation
 w - 2 scrolls of magic mapping
 E - a scroll of brand weapon
 Q - a scroll of enchant armour {unknown}
 V - 3 scrolls of amnesia {unknown}
 Y - 2 scrolls of poison {unknown}
Potions
 a - 3 potions of magic
 b - 8 potions of curing
 c - a potion of heal wounds
 d - 2 potions of haste
 g - 3 potions of mutation
 i - 3 potions of ambrosia {unknown}
 o - 2 potions of brilliance
 t - 6 potions of flight {unknown}
 v - 2 potions of might {unknown}
 x - 2 potions of degeneration {unknown}
 A - a potion of lignification {unknown}
 I - 2 potions of attraction {unknown}
 J - 3 potions of resistance
 P - a potion of berserk rage {unknown}
 U - 2 potions of cancellation {unknown}


   Skills:
 + Level 2.7 Fighting
 + Level 0.1 Short Blades
 + Level 2.8(2.9) Maces & Flails
 + Level 1.0(2.1) Staves
 + Level 4.9 Dodging
 + Level 6.6 Stealth
 * Level 5.3 Shields
 + Level 14.3 Spellcasting
 + Level 9.3 Conjurations
 + Level 2.4 Hexes
 + Level 3.2 Translocations
 + Level 11.0 Fire Magic
 * Level 6.3 Invocations
 + Level 0.1 Evocations


You had 13 spell levels left.
You knew the following spells:

 Your Spells              Type           Power      Damage    Failure   Level
a - Foxfire               Conj/Fire      100%       2x1d9     1%          1
b - Iskenderun's Mystic   Conj/Tloc      61%        2d13      1%          4
c - Inner Flame           Hex/Fire       81%        N/A       1%          3
d - Flame Wave            Conj/Fire      96%        2d20      1%          4
e - Scorch                Fire           100%       2d10      1%          2
f - Starburst             Conj/Fire      48%        6d13      4%          6
g - Hailstorm             Conj/Ice       54%        3d12      1%          3
h - Arcjolt               Conj/Air       27%        1d37      9%          5

Your spell library contained the following spells:

 Spells                   Type           Power      Damage    Failure   Level
 Freeze                   Ice            96%        1d10      1%          1
 Kiss of Death            Conj/Necr      100%       2d13      1%          1
 Magic Dart               Conj           100%       1d8       1%          1
 Shock                    Conj/Air       100%       1d9       1%          1
 Searing Ray              Conj           100%       2d8       1%          2
 Dazzling Flash           Conj/Hex       100%       N/A       1%          3
 Kindle Blastsparks       Fire/Tloc/Air  100%       2d18      1%          3
 Fulminant Prism          Conj/Hex       29%        3d13      1%          4
 Sticky Flame             Conj/Fire      96%        2d11      1%          4
 Passage of Golubria      Tloc           46%        N/A       5%          4
 Frozen Ramparts          Ice            48%        1d8       6%          3
 Ice Form                 Ice/Tmut       24%        N/A       19%         4
 Silence                  Hex/Air        16%        N/A       32%         5
 Simulacrum               Ice/Necr       12%        N/A       94%         6
 Lehudib's Crystal Spear  Conj/Erth      27%        10d7      100%        8


Dungeon Overview and Level Annotations

Branches:
Dungeon (11/15)            Temple (1/1) D:6            Lair (5/5) D:10
 Shoals (0/4) Lair:2       Spider (0/4) Lair:2        Slime (0/5) Lair:5
    Orc: D:9-12

Altars:
Ashenzari
Cheibriados
Dithmenos
Elyvilon
Fedhas
Gozag
Hepliaklqana
Kikubaaqudgha
Makhleb
Nemelex Xobeh
Okawaru
Qazlal
Ru
Sif Muna
Trog
Uskayaw
Vehumet
Wu Jian
Xom
Yredelemnul
Zin
The Shining One
Jiyva

Shops:
D:4 (   D:5 *   D:11 *

Portals:
Trove: D:11 (give 16 potions of curing)

Annotations:
D:10 1 runed translucent door


Innate Abilities, Weirdness & Mutations

You cannot wear most types of armour.
You are amphibious.
You can wear up to eight rings at the same time.
Your skin changes colour to match your surroundings (Stealth+).
Your rubbery body absorbs attacks. (AC +1, EV +1)
((You are camouflaged when in or above water. (Stealth+)))
You have tentacles for arms and can constrict up to eight enemies at once.


Message History

Found a human skeleton.
Found a potion of haste.
d - 2 potions of haste (gained 1)
You see here the +1 quarterstaff of the Fulmar {drain, rF++ Dex+4}.
You see here the +1 quarterstaff of the Fulmar {drain, rF++ Dex+4}.
l - a scroll labelled GOGHUA EFUOF
p - a +6 ring of intelligence You feel clever.
p - a +6 ring of intelligence (on tentacle)
You see here 5 stones.
There is a staircase to the Slime Pits here.
A water moccasin comes into view.
A komodo dragon comes into view.
The komodo dragon hisses angrily.
Casting: Scorch (safe; 1% risk of failure)
Confirm with . or Enter, or press ? or * to list all spells.
Casting: Flame Wave (safe; 1% risk of failure)
Press: ? - help, Dir - look around, f - activate You feel a surge of power!
A wave of flame ripples out!
The tree burns like a torch!
The flame wave engulfs the komodo dragon!!
The komodo dragon is heavily wounded. (Press . to intensify the flame waves.)
The water moccasin hisses angrily.
You hear an angry hiss.
You hear a roar!
You hear a croak.
A cane toad comes into view.
The komodo dragon bites you!! The water moccasin bites you!
The forest fire spreads!
Unknown command.
The komodo dragon is engulfed in blazing flames.
The forest fire spreads!
The komodo dragon attacks as you move away!
The komodo dragon closely misses you.
The komodo dragon is engulfed in blazing flames.
The komodo dragon attacks as you move away!
The komodo dragon bites you!!
* * * LOW HITPOINT WARNING * * *
The water moccasin attacks as you move away!
The water moccasin closely misses you.
You are engulfed in blazing flames.
You die...
F

♣♣ ..♣♣♣. ♣♣♣♣ ..♣.♣♣♣♣...
♣...♣... . ♣..§§♣ . ♣§§§♣ ..
♣Sl§♣ .. ♣§§§♣ . ♣♣♣♣ ♣♣@♣♣♣ P
♣♣♣♣..♣♣ ♣♣♣♣♣♣♣...♣♣ .
.♣♣....♣♣♣.♣♣.......♣♣♣♣ .#
................P......♣. ..
...........P....P.P...... ..
......................... ..
......................... ..
.#.##....................
###.###.......##P....#..........


You could see a komodo dragon and a water moccasin.

Vanquished Creatures
  Josephine (D:10)
  Erolcha (D:10)
  Erica (D:10)
  3 boulder beetles
  3 hydras
  A two-headed ogre (D:9)
  4 death yaks (Lair:1)
  Amaemon (Lair:2)
  A pharaoh ant (Lair:2)
  2 skysharks
  2 lindwurms
  An oklob plant (Lair:1)
  5 elephants (Lair:5)
  A merfolk siren (Lair:2)
  3 black mambas
  A torpor snail (Lair:2)
  4 komodo dragons
  The ghost of Touch the Shooter, a novice DsHu of Ashenzari (D:5)
  2 unseen horrors
  An orange demon (Lair:2)
  7 cane toads
  5 rime drakes
  A merfolk (Lair:2)
  2 trolls
  2 tarantellas (Lair:2)
  Grinder (D:5)
  3 hornets (Lair:3)
  Sigmund (D:5)
  2 jumping spiders (Lair:2)
  2 shadows (D:11)
  A spriggan (Lair:4)
  4 wraiths (D:10)
  A wyvern (Lair:3)
  3 basilisks
  A steam dragon (Lair:2)
  37 yaks
  2 vampire mosquitoes (D:10)
  9 water moccasins
  3 orc warriors
  3 sky beasts
  2 ice beasts
  2 black bears
  An ogre (D:5)
  19 wolves
  3 centaurs
  A phantom (D:5)
  4 kobold brigands
  2 necrophages
  3 gnoll sergeants
  2 scorpions
  15 bullfrogs
  12 wights
  8 killer bees
  2 howler monkeys
  8 electric eels
  9 jellies
  2 hounds
  11 orc priests
  3 gnoll boudas
  Jessica (D:2)
  2 iguanas
  22 orc wizards
  6 adders
  37 gnolls
  A shadow imp (D:6)
  An ufetubus (D:6)
  2 worms
  4 dart slugs
  38 orcs
  18 endoplasms
  5 giant cockroaches
  41 goblins
  28 hobgoblins
  4 jackals
  32 kobolds
  A quokka (D:2)
  9 ball pythons
  4 bats
  3 frilled lizards (D:1)
  4 rats
  A bush (Lair:3)
502 creatures vanquished.

Vanquished Creatures (collateral kills)
  12 foxfires
12 creatures vanquished.

Vanquished Creatures (others)
  A quokka (D:6)
  1192 foxfires
  23 fungi
  81 plants
1297 creatures vanquished.

Grand Total: 1811 creatures vanquished

Notes
Turn   | Place    | Note
-------+----------+-------------------------------------------
     0 | D:1      | Conn the Octopode Fire Elementalist began the quest for the
                  | Orb.
     0 | D:1      | Reached XP level 1. HP: 11/11 MP: 3/3
   220 | D:1      | Reached XP level 2. HP: 17/17 MP: 0/5
   529 | D:1      | Reached XP level 3. HP: 10/21 MP: 0/6
  1477 | D:2      | Reached XP level 4. HP: 27/27 MP: 0/7
  1676 | D:2      | Noticed Jessica
  1682 | D:2      | Killed Jessica
  2220 | D:3      | Found a faded altar of an unknown god.
  2334 | D:3      | Learned a level 2 spell: Scorch
  2338 | D:3      | Learned a level 3 spell: Inner Flame
  2550 | D:3      | Identified the +1 ring mail of Nihilism {Contam +Inv Int+6}
  2889 | D:4      | Found a snail-covered altar of Cheibriados.
  2889 | D:4      | Found a blossoming altar of Fedhas.
  2893 | D:4      | Reached XP level 5. HP: 31/31 MP: 5/9
  2983 | D:4      | Reached skill level 3 in Spellcasting
  3467 | D:4      | Reached XP level 6. HP: 29/37 MP: 3/10
  3567 | D:4      | Found Yrujuhou's Weapon Shoppe.
  3874 | D:5      | Entered Level 5 of the Dungeon
  3874 | D:5      | Noticed a black bear
  3877 | D:5      | Killed a black bear
  3878 | D:5      | Reached skill level 1 in Fighting
  3928 | D:5      | Noticed Sigmund
  3935 | D:5      | Killed Sigmund
  3936 | D:5      | Reached skill level 1 in Staves
  3936 | D:5      | Reached XP level 7. HP: 43/43 MP: 6/12
  3943 | D:5      | Reached skill level 4 in Spellcasting
  4105 | D:5      | Identified the +5 whip of Accord {freeze, rElec rPois rF+}
  4203 | D:5      | Found an opulent altar of Gozag.
  4245 | D:5      | Found a transporter.
  4408 | D:5      | Reached skill level 5 in Fire Magic
  4408 | D:5      | Reached XP level 8. HP: 48/48 MP: 9/15
  4490 | D:5      | Identified the +3 kite shield of Limitation {rF- Regen+
                  | Str+4}
  4495 | D:5      | Found a transporter.
  4496 | D:5      | Noticed Touch's ghost (novice DsHu)
  4508 | D:5      | Identified the +3 scale mail "Mureuseps" {rN+}
  4570 | D:5      | Reached skill level 5 in Spellcasting
  4668 | D:5      | Found a glowing golden altar of the Shining One.
  4819 | D:5      | Found Hierit's General Store.
  5034 | D:5      | Reached skill level 5 in Stealth
  5084 | D:5      | Noticed Grinder
  5088 | D:5      | Paralysed by Grinder for 5 turns
  5095 | D:5      | Killed Grinder
  5537 | D:5      | Learned a level 4 spell: Flame Wave
  5542 | D:5      | Learned a level 4 spell: Iskenderun's Mystic Blast
  5582 | D:6      | Found a white marble altar of Elyvilon.
  5840 | D:6      | Reached skill level 6 in Spellcasting
  6119 | D:6      | Found a staircase to the Ecumenical Temple.
  6141 | Temple   | Entered the Ecumenical Temple
  6221 | D:6      | Reached XP level 9. HP: 49/54 MP: 11/18
  6376 | D:5      | Learned a level 6 spell: Starburst
  6541 | D:5      | Reached skill level 7 in Spellcasting
  6590 | D:5      | Killed Touch's ghost
  6591 | D:5      | Reached skill level 5 in Conjurations
  6591 | D:5      | Reached skill level 1 in Translocations
  7451 | D:6      | Identified a scroll of acquirement
  7456 | D:6      | Acquired the amulet of Unolag {Reflect Will+ SH+5}
  8277 | D:7      | Reached skill level 8 in Spellcasting
  8546 | D:7      | Found a shimmering blue altar of Sif Muna.
  8552 | D:7      | Became a worshipper of Sif Muna the Loreminder
  8558 | D:7      | Found an ancient bone altar of Kikubaaqudgha.
  8569 | D:7      | Found a radiant altar of Vehumet.
  8574 | D:7      | Reached skill level 1 in Maces & Flails
  8579 | D:7      | Got Vehumet's Catalogue of the Barrage
  8711 | D:7      | Reached XP level 10. HP: 60/60 MP: 8/22
  9129 | D:7      | Reached * piety under Sif Muna
  9442 | D:8      | Reached skill level 9 in Spellcasting
  9774 | D:8      | Found an iron altar of Okawaru.
 10093 | D:8      | Reached ** piety under Sif Muna
 11266 | D:9      | Noticed a two-headed ogre
 11301 | D:9      | Killed a two-headed ogre
 11302 | D:9      | Reached skill level 10 in Spellcasting
 11302 | D:9      | Reached skill level 1 in Hexes
 11527 | D:9      | Reached XP level 11. HP: 51/65 MP: 10/25
 12058 | D:9      | Reached *** piety under Sif Muna
 12469 | D:10     | Entered Level 10 of the Dungeon
 12568 | D:10     | Noticed Erica
 12574 | D:10     | Noticed Erolcha
 12577 | D:10     | Killed Erica
 12578 | D:10     | Reached skill level 11 in Spellcasting
 12592 | D:10     | Killed Erolcha
 12746 | D:10     | Found a runed translucent door.
 12747 | D:10     | Found a burning altar of Makhleb.
 12747 | D:10     | Noticed a sixfirhy
 12769 | D:10     | Noticed Josephine
 12898 | D:11     | Found a portal to a secret trove of treasure.
 12937 | D:11     | Learned a level 3 spell: Hailstorm
 13027 | D:10     | Killed Josephine
 13408 | D:10     | Found a bloodstained altar of Trog.
 13524 | D:10     | Found a staircase to the Lair.
 13554 | D:10     | Found a shadowy altar of Dithmenos.
 14335 | D:11     | Found Cegac's General Store.
 14347 | D:11     | Reached skill level 12 in Spellcasting
 14420 | D:11     | Noticed a boulder beetle
 14434 | D:11     | Killed a boulder beetle
 14435 | D:11     | Reached XP level 12. HP: 23/72 MP: 15/28
 14686 | Lair:1   | Entered Level 1 of the Lair of Beasts
 14987 | Lair:1   | Noticed a death yak
 14988 | Lair:1   | Noticed a death yak
 14988 | Lair:1   | Noticed a death yak
 14992 | Lair:1   | Noticed a death yak
 15171 | Lair:1   | Reached **** piety under Sif Muna
 15291 | Lair:1   | Killed a death yak
 15291 | Lair:1   | Killed a death yak
 15295 | Lair:1   | Killed a death yak
 15303 | Lair:1   | Killed a death yak
 15598 | Lair:1   | Reached skill level 1 in Invocations
 15991 | Lair:2   | Reached skill level 1 in Shields
 15995 | Lair:2   | Reached skill level 13 in Spellcasting
 16695 | Lair:2   | Noticed Amaemon
 16706 | Lair:2   | Killed Amaemon
 16707 | Lair:2   | Reached XP level 13. HP: 25/76 MP: 9/30
 16925 | Lair:2   | Found a hole to the Spider Nest.
 16933 | Lair:2   | Reached skill level 10 in Fire Magic
 17136 | Lair:2   | Found a staircase to the Shoals.
 17976 | Lair:3   | Reached ***** piety under Sif Muna
 18619 | Lair:2   | Upgraded the game from 0.30-a0-758-gc2c871d025 to
                  | 0.30-a0-760-g5a9884bb7c
 18673 | Lair:3   | Reached skill level 5 in Invocations
 19305 | Lair:4   | Reached skill level 14 in Spellcasting
 20148 | Lair:4   | Received a gift from Sif Muna
 20149 | Lair:4   | Got Sif Muna's Omnibus of Damage and the Atmosphere {god
                  | gift}
 20382 | Lair:5   | Entered Level 5 of the Lair of Beasts
 20593 | Lair:5   | Identified the +3 dagger of Valiance {freeze, rElec rPois
                  | Str-4 SInv}
 20727 | Lair:5   | Reached skill level 5 in Shields
 20734 | Lair:5   | Found a viscous altar of Jiyva.
 20810 | Lair:5   | Reached XP level 14. HP: 27/81 MP: 7/32
 20932 | Lair:5   | Learned a level 5 spell: Arcjolt
 20989 | Lair:5   | Found a staircase to the Slime Pits.
 21014 | Lair:5   | Identified the +1 quarterstaff of the Fulmar {drain, rF++
                  | Dex+4}
 21118 | Lair:5   | Engulfed by a cloud of flame

Illustrated notes

Levels and vault maps discovered:
D:1:      spicycebolla_arrival_clurvy, layout_rooms, serial_forest,
          infiniplex_forest_clump_large, infiniplex_forest_end_double,
          infiniplex_forest_lined_3, infiniplex_forest_lined_4_way,
          infiniplex_forest_lined_corner, infiniplex_forest_clump_double,
          infiniplex_forest_corner_1, infiniplex_forest_straight_2,
          infiniplex_forest_lined_4_way, infiniplex_forest_clump_tiny,
          skrybe_limestone_x, minmay_misc_feat_iff, feat_on_display
D:2:      minmay_angry_zag, layout_basic, kennysheep_generic_room_16,
          uniq_jessica
D:3:      layout_loops_ring, hellmonk_ecumenical_altar_leap_of_faith
D:4:      layout_basic, grunt_temple_overflow_open, serial_shops,
          nicolae_shop_bloodbath_and_beyond, kennysheep_decorative_pillar,
          minivault_4, dreamdust_princess_bridge
D:5:      layout_basic, mainiacjoe_overflow_alcove_1,
          nicolae_gozag_seed_capital, serial_shops, nicolae_take_the_stairs,
          gammafunk_ghost_gnarly_gnolls, small_statue_intersection,
          minmay_misc_feat_hallway, uniq_sigmund, uniq_grinder
D:6:      minmay_goblin_kobold_castle, layout_basic, elyvilon_altar_4,
          minmay_temple_entry_gardened_gates, lightli_orcish_oven
D:7:      layout_basic, palyth_temple_overflow_mages
D:8:      layout_basic, mainiacjoe_overflow_cross_hatched
D:9:      layout_stronghold
D:10:     layout_gridville, nicolae_dithmenos_the_darkroom,
          general_overflow_altar, nzn_makhleb_speed_demon, lair_entry_dummy,
          nrook_pool_corridor, minmay_misc_feat_rows, wad_floor_pattern_1,
          small_statue_intersection, uniq_erica, uniq_josephine, uniq_erolcha
D:11:     layout_cave_pools, enter_trove_1, serial_shops, nicolae_shop_stone
Temple:   hellmonk_temple_rainy
Lair:1:   lemuel_slime, layout_concentric_octagons, minmay_holes
Lair:2:   layout_regular_city, elwin_shoals_entry_rooms,
          nicolae_spider_entry_lesser_pyramids, uniq_amaemon
Lair:3:   cheibrodos_lair_overgrown_chateau, layout_gridlike,
          grunt_forest_small_clearing_treed, lemuel_fruit_tree
Lair:4:   layout_regular_city, serial_bayou_pond_e,
          grunt_forest_large_clearing_hut, serial_bayou_shore_a
Lair:5:   evil_forest, layout_small_grid, nicolae_slime_entry_field_trip,
          hangedman_lair_unloving_vines

Skill      XL: |  1  2  3  4  5  6  7  8  9 10 11 12 13 |
---------------+----------------------------------------+-----
Stealth        | 3 4 5 6 |  6.6
Conjurations   | 2 3 4 5 6 8 9 |  9.3
Spellcasting   | 3 4 6 8 10 12 13 14 | 14.3
Fire Magic     | 4 5 6 7 8 9 11 | 11.0
Fighting       | 1 2 |  2.7
Staves         | 1 |  1.0
Dodging        | 3 4 |  4.9
Translocations | 2 3 |  3.2
Maces & Flails | 1 2 |  2.8
Hexes          | 1 2 |  2.4
Invocations    | 3 6 |  6.3
Shields        | 3 5 |  5.3
Short Blades   | |  0.1
Evocations     | |  0.1

Action                     |  1- 3 |  4- 6 |  7- 9 | 10-12 | 13-15 || total
---------------------------+-------+-------+-------+-------+-------++-------
  Melee: Unarmed           |    19 |       |       |       |       ||    19
         Tentacles         |    11 |     2 |     8 |    10 |     3 ||    34
         Constrict         |    10 |     4 |     9 |     6 |     2 ||    31
         Punch             |     1 |     1 |     1 |     1 |       ||     4
         Short sword       |    13 |       |       |       |       ||    13
         Staff             |       |    15 |     4 |       |     7 ||    26
         Whip              |       |       |    29 |    32 |     2 ||    63
   Cast: Foxfire           |    62 |    85 |   198 |   212 |   145 ||   702
         Scorch            |       |     4 |    39 |    89 |    60 ||   192
         Flame Wave        |       |       |    17 |    38 |    12 ||    67
         Inner Flame       |       |       |     3 |    29 |     7 ||    39
         Starburst         |       |       |       |     8 |    18 ||    26
         Iskenderun's Myst |       |       |       |     2 |     6 ||     8
         Hailstorm         |       |       |       |       |     5 ||     5
 Invoke: Channel Magic     |       |       |       |     1 |     3 ||     4
  Evoke: Wand              |       |       |     1 |     1 |       ||     2
    Use: Potion            |       |       |     4 |     1 |     3 ||     8
         Scroll            |       |       |     9 |     3 |     4 ||    16
   Stab: Sleeping          |     3 |     6 |     4 |     2 |       ||    15
 Armour: Skin              |       |       |     4 |     4 |     3 ||    11
  Dodge: Dodged            |    22 |     9 |    50 |    61 |    21 ||   163
  Block: Other             |       |       |     4 |    19 |       ||    23
         Reflection        |       |       |       |     2 |       ||     2
         Kite shield       |       |       |       |    27 |    42 ||    69

Table legend: (Time is in decaauts)
 A = Elapsed time spent in this place.
 B = Non-inter-level travel time spent in this place.
 C = Inter-level travel time spent in this place.
 D = Time resting spent in this place.
 E = Time spent auto-exploring this place.
 F = Levels seen in this place.
 G = Mean time per level.
                   A        B        C        D        E       F      G
               +--------+--------+--------+--------+--------+-----+--------+
         Total |  21110 |  20811 |    299 |    686 |  15121 |  17 | 1241.8 |
       Dungeon |  14668 |  14456 |    212 |    234 |  10807 |  11 | 1333.5 |
        Temple |     19 |     19 |      0 |      0 |      0 |   1 |   19.0 |
          Lair |   6422 |   6335 |     87 |    452 |   4314 |   5 | 1284.4 |
               +--------+--------+--------+--------+--------+-----+--------+

Top non-repeatable levels by time:
     D:5: 2268 daAuts
     D:6: 2110 daAuts
  Lair:3: 1684 daAuts
     D:8: 1581 daAuts
     D:9: 1577 daAuts
  Lair:1: 1549 daAuts
    D:10: 1509 daAuts
  Lair:2: 1329 daAuts
  Lair:4: 1140 daAuts
     D:1: 1128 daAuts
     D:7: 1039 daAuts
     D:4: 985 daAuts
     D:2: 983 daAuts
     D:3: 776 daAuts
  Lair:5: 717 daAuts
